WCHLSIM.com - West Coast Hockey League
html PUBLIC "-//W3C//DTD XHTML 1.0 Transitional//EN" "http://www.w3.org/TR/xhtml1/DTD/xhtml1-transitional.dtd"> WCHL - Game 1042 - ANAHEIM OUTLAWS vs SPOKANE KNIGHTS

ANAHEIM OUTLAWS vs SPOKANE KNIGHTS

Created - 18 mars 2024 at 20:39

Goals
1 2 3 T
ANAHEIM OUTLAWS 1 1 2 4
SPOKANE KNIGHTS 2 0 1 3
Shots
1 2 3 T
ANAHEIM OUTLAWS 13 15 10 38
SPOKANE KNIGHTS 8 6 4 18

1st period

1. SPOKANE KNIGHTS , Joseph Veleno 1 (Rasmus Kupari 7, Corey Perry 16) at 3:48
2. SPOKANE KNIGHTS , Kevin Stenlund 2 (Kevin Rooney 1, Quinton Byfield 8) at 12:10
3. ANAHEIM OUTLAWS , Henri Jokiharju 3 (Carter Verhaeghe 21, Adrian Kempe 32) at 15:17

Penalties :
Noah Hanifin (ANA) for Slashing (Minor) at 9:16

2nd period

4. ANAHEIM OUTLAWS , Morgan Rielly 9 (Michael Bunting 21, Rasmus Ristolainen 10) at 10:16 (SH)

Penalties :
Michael Rasmussen (ANA) for Slashing (Minor) at 8:32, Jonathon Merrill (SPO) for Hooking (Minor) at 10:53

3rd period

5. SPOKANE KNIGHTS , Lias Andersson 4 (Nicklas Backstrom 20, Chad Ruhwedel 11) at 3:32
6. ANAHEIM OUTLAWS , Adrian Kempe 23 (Michael Bunting 22, Noah Hanifin 40) at 5:18
7. ANAHEIM OUTLAWS , Jeff Skinner 26 (Michael Rasmussen 13) at 14:06

Penalties :
Logan O'Connor (SPO) for Roughing (Minor) at 0:19

Goalie Stats

Jacob Markstrom (ANA), 15 saves from 18 shots - (0,833), W, 30-30-6, 60:00 minutes
Matthew Murray (SPO), 34 saves from 38 shots - (0,895), L, 5-24-0, 59:29 minutes

Players Stats for ANAHEIM OUTLAWS

Player Name              G  A  P  +/- PIM S  H  SB GA TA FO     MP     PP MP  PK MP  
------------------------------------------------------------------------------------
Adrian Kempe             1  1  2   2  0   1  2  0  0  0  4/15   18:48   0:00   2:00 
Carter Verhaeghe         0  1  1   2  0   3  0  0  0  0  0/1    16:48   0:00   0:00 
David Gustafsson         0  0  0   0  0   1  0  0  0  0  0/0     6:43   0:00   0:00 
Henri Jokiharju          1  0  1   1  0   3  1  1  0  0  0/0    21:13   2:12   2:25 
Jack Quinn               0  0  0  -2  0   3  0  0  0  0  0/0    12:37   0:00   0:00 
Jeff Skinner             1  0  1   1  0   3  0  0  0  0  2/5    18:55   1:39   1:20 
Joey Anderson            0  0  0   0  0   1  2  0  0  0  1/2    18:15   2:19   0:00 
Kent Johnson             0  0  0  -2  0   4  0  0  0  0  2/8    16:54   1:39   2:38 
Kevin Fiala              0  0  0   0  0   0  2  0  0  0  3/10    8:22   1:39   0:00 
Michael Bunting          0  2  2   3  0   2  2  0  0  0  0/1    20:27   2:19   1:20 
Michael Rasmussen        0  1  1   0  2   2  0  0  0  0  12/17  18:52   2:19   0:38 
Morgan Rielly            1  0  1   0  0   3  2  1  0  0  0/0    24:20   1:46   2:10 
Noah Hanifin             0  1  1   1  2   5  0  1  0  0  0/0    22:56   2:12   0:54 
Oliver Ekman-Larsson     0  0  0   0  0   1  0  0  0  0  0/0    15:51   0:00   0:49 
Pierre Engvall           0  0  0   0  0   1  1  0  0  0  0/0     6:43   0:00   0:00 
Pius Suter               0  0  0  -2  0   3  1  0  0  0  9/18   12:37   0:00   0:00 
Rasmus Ristolainen       0  1  1   1  0   2  2  2  0  0  0/0    16:37   0:00   1:33 
Victor Soderstrom        0  0  0  -1  0   0  0  0  0  0  0/0    19:02   1:46   0:05 

Players Stats for SPOKANE KNIGHTS

Player Name              G  A  P  +/- PIM S  H  SB GA TA FO     MP     PP MP  PK MP  
------------------------------------------------------------------------------------
Anthony Duclair          0  0  0  -2  0   0  0  0  0  0  1/6    16:40   2:37   2:42 
Callan Foote             0  0  0  -1  0   0  2  0  0  0  0/0    21:20   2:37   1:19 
Chad Ruhwedel            0  1  1   0  0   0  1  3  0  0  0/0    17:58   2:37   1:34 
Cole Sillinger           0  0  0  -1  0   1  2  1  0  0  0/1    11:24   0:00   0:38 
Corey Perry              0  1  1   0  0   2  0  0  0  0  0/0    15:54   1:21   0:00 
David Jiricek            0  0  0   0  0   0  4  0  0  0  0/0    20:24   1:21   0:00 
Evan Bouchard            0  0  0  -1  0   1  2  1  0  0  0/0    22:19   0:00   2:39 
Jacob Larsson            0  0  0   1  0   0  1  0  0  0  0/0    17:43   1:21   1:17 
Jonathon Merrill         0  0  0  -1  2   0  2  2  0  0  0/0    20:15   0:00   1:07 
Joseph Veleno            1  0  1   0  0   2  3  0  0  0  9/13   14:33   0:00   0:00 
Kevin Rooney             0  1  1   0  0   1  0  0  0  0  0/0    10:22   0:00   0:00 
Kevin Stenlund           1  0  1   0  0   1  0  0  0  0  0/0    10:22   0:00   0:00 
Lias Andersson           1  0  1   1  0   1  0  0  0  0  2/4    17:59   1:21   0:15 
Logan O'Connor           0  0  0   0  2   3  0  0  0  0  0/1    19:22   2:37   0:23 
Nicklas Backstrom        0  1  1   0  0   2  1  0  0  0  19/24  21:07   2:37   2:42 
Quinton Byfield          0  1  1   0  0   2  0  1  0  0  7/15   10:22   0:00   0:00 
Rasmus Kupari            0  1  1   0  0   1  0  0  0  0  0/1    14:33   0:00   0:00 
Shane Pinto              0  0  0  -1  0   1  1  1  0  0  6/12   13:23   1:21   1:16 

3 Stars

1 - Adrian Kempe (ANA)
2 - Michael Bunting (ANA)
3 - Henri Jokiharju (ANA)

Power Play

ANAHEIM OUTLAWS - 0 on 2 Attempt(s) - 0,00%
SPOKANE KNIGHTS - 0 on 2 Attempt(s) - 0,00%

Penalty Kill

ANAHEIM OUTLAWS - 2 on 2 Attempt(s) - 100,00% - Score 1 goal in Penalty Kill
SPOKANE KNIGHTS - 2 on 2 Attempt(s) - 100,00% - Score 0 goal in Penalty Kill

Team Stat

ANAHEIM OUTLAWS - Hits : 15 - Faceoff Wins : 33 - Blocked Shots : 5 - Penalty Minutes : 4
SPOKANE KNIGHTS - Hits : 19 - Faceoff Wins : 44 - Blocked Shots : 9 - Penalty Minutes : 4

Official

Referees : Justin Kea and Ian Walsh
Linesman : Andrew Smith and Robb Harrell

Game Notes

No Game Note

Finance

Level 1 -- Attendance: 8350 (100,00%) -- Ticket Income 1 369 400 $
Level 2 -- Attendance: 5381 (88,21%) -- Ticket Income 667 244 $
Level 3 -- Attendance: 2387 (99,46%) -- Ticket Income 248 248 $
Level 4 -- Attendance: 6000 (100,00%) -- Ticket Income 384 000 $
Luxury Box -- Attendance: 1150 (100,00%) -- Ticket Income 356 500 $
Total Attendance: 23268 (96,95%)
Total Ticket Income: 3 025 392 $
Other Expense: 30 254 $
Total Income: 2 995 138 $

ANAHEIM OUTLAWS

5 vs 5 Forward 
   Center                   Left Wing                Right Wing               Time % Phy DF OF 
 1 Michael Rasmussen        Jeff Skinner             Joey Anderson            36     1   2  2  
 2 Adrian Kempe             Michael Bunting          Carter Verhaeghe         31     1   2  2  
 3 Pius Suter               Kent Johnson             Jack Quinn               23     1   2  2  
 4 Kevin Fiala              Pierre Engvall           David Gustafsson         10     1   2  2  

5 vs 5 Defense 
   Defense                  Defense                                           Time % Phy DF OF 
 1 Victor Soderstrom        Morgan Rielly                                     36     1   2  2  
 2 Noah Hanifin             Henri Jokiharju                                   31     1   2  2  
 3 Rasmus Ristolainen       Oliver Ekman-Larsson                              23     1   2  2  
 4 Noah Hanifin             Morgan Rielly                                     10     1   2  2  

PowerPlay Forward 
   Center                   Left Wing                Right Wing               Time % Phy DF OF 
 1 Kevin Fiala              Jeff Skinner             Kent Johnson             55     1   2  2  
 2 Michael Rasmussen        Michael Bunting          Joey Anderson            45     1   2  2  

PowerPlay Defense
   Defense                  Defense                                           Time % Phy DF OF 
 1 Victor Soderstrom        Morgan Rielly                                     55     1   2  2  
 2 Noah Hanifin             Henri Jokiharju                                   45     1   2  2  

Penalty Kill 4 Players Forward 
   Center                   Wing                     Time % Phy DF OF 
 1 Kent Johnson             Michael Rasmussen        55     1   2  2  
 2 Jeff Skinner             Michael Bunting          45     1   2  2  

Penalty Kill 4 Players Defense
   Defense                  Defense                  Time % Phy DF OF 
 1 Rasmus Ristolainen       Morgan Rielly            55     1   2  2  
 2 Noah Hanifin             Henri Jokiharju          45     1   2  2  

Penalty Kill - 3 Players Forward 
   Forward                                           Time % Phy DF OF 
 1 Kent Johnson                                      55     1   2  2  
 2 Michael Bunting                                   45     1   2  2  

Penalty Kill - 3 Players Defense
   Defense                  Defense                  Time % Phy DF OF 
 1 Rasmus Ristolainen       Morgan Rielly            55     1   2  2  
 2 Noah Hanifin             Henri Jokiharju          45     1   2  2  

4 vs 4 Forward 
   Center                   Wing                     Time % Phy DF OF 
 1 Jeff Skinner             Kevin Fiala              55     1   2  2  
 2 Kent Johnson             Michael Bunting          45     1   2  2  

4 vs 4 Defense
   Defense                  Defense                  Time % Phy DF OF 
 1 Victor Soderstrom        Morgan Rielly            55     1   2  2  
 2 Noah Hanifin             Henri Jokiharju          45     1   2  2  

Last Minutes Offensive
   Center                   Left Wing                Right Wing               Defense                  Defense                  
   Michael Rasmussen        Joey Anderson            Jeff Skinner             Victor Soderstrom        Morgan Rielly            

Last Minutes Defensive
   Center                   Left Wing                Right Wing               Defense                  Defense                  
   Michael Rasmussen        Joey Anderson            Jeff Skinner             Victor Soderstrom        Morgan Rielly            

Goaltenders
Starting : Jacob Markstrom          
Backup : Mackenzie Blackwood      

Extra Forwards
Normal : Jeff Skinner, Michael Bunting, Kent Johnson - PP : Michael Bunting, Kent Johnson - PK : Kent Johnson
Extra Defensemen
Normal : Morgan Rielly, Noah Hanifin, Henri Jokiharju - PP : Noah Hanifin - PK : Noah Hanifin, Henri Jokiharju
Penalty Shots
Kent Johnson, Kevin Fiala, Michael Rasmussen, Michael Bunting, Jeff Skinner
Custom OT Lines Forwards
Kevin Fiala, Michael Rasmussen, Jeff Skinner, Michael Bunting, Adrian Kempe, Carter Verhaeghe, David Gustafsson, Pierre Engvall, Kent Johnson, Jack Quinn
Custom OT Lines Defensemen
Rasmus Ristolainen, Morgan Rielly, Noah Hanifin, Henri Jokiharju, Oliver Ekman-Larsson

Scratches
Jacob Trouba (Right Hand Injury), Ian Mitchell (Healthy)

SPOKANE KNIGHTS

5 vs 5 Forward 
   Center                   Left Wing                Right Wing               Time % Phy DF OF 
 1 Joseph Veleno            Rasmus Kupari            Corey Perry              30     1   2  2  
 2 Nicklas Backstrom        Lias Andersson           Logan O'Connor           30     1   2  2  
 3 Shane Pinto              Cole Sillinger           Anthony Duclair          20     1   2  2  
 4 Quinton Byfield          Kevin Stenlund           Kevin Rooney             20     1   2  2  

5 vs 5 Defense 
   Defense                  Defense                                           Time % Phy DF OF 
 1 Evan Bouchard            Jonathon Merrill                                  30     1   2  2  
 2 Chad Ruhwedel            Callan Foote                                      30     1   2  2  
 3 David Jiricek            Jacob Larsson                                     25     1   2  2  
 4 Callan Foote             David Jiricek                                     15     1   2  2  

PowerPlay Forward 
   Center                   Left Wing                Right Wing               Time % Phy DF OF 
 1 Nicklas Backstrom        Anthony Duclair          Logan O'Connor           55     1   2  2  
 2 Shane Pinto              Lias Andersson           Corey Perry              45     1   2  2  

PowerPlay Defense
   Defense                  Defense                                           Time % Phy DF OF 
 1 Jacob Larsson            David Jiricek                                     60     1   2  2  
 2 Chad Ruhwedel            Callan Foote                                      40     1   2  2  

Penalty Kill 4 Players Forward 
   Center                   Wing                     Time % Phy DF OF 
 1 Anthony Duclair          Nicklas Backstrom        60     1   2  2  
 2 Shane Pinto              Logan O'Connor           40     1   2  2  

Penalty Kill 4 Players Defense
   Defense                  Defense                  Time % Phy DF OF 
 1 Evan Bouchard            Jonathon Merrill         60     1   2  2  
 2 Chad Ruhwedel            Callan Foote             40     1   2  2  

Penalty Kill - 3 Players Forward 
   Forward                                           Time % Phy DF OF 
 1 Logan O'Connor                                    55     1   2  2  
 2 Nicklas Backstrom                                 45     1   2  2  

Penalty Kill - 3 Players Defense
   Defense                  Defense                  Time % Phy DF OF 
 1 Evan Bouchard            Jonathon Merrill         55     1   2  2  
 2 Chad Ruhwedel            Callan Foote             45     1   2  2  

4 vs 4 Forward 
   Center                   Wing                     Time % Phy DF OF 
 1 Lias Andersson           Nicklas Backstrom        55     1   2  2  
 2 Shane Pinto              Logan O'Connor           45     1   2  2  

4 vs 4 Defense
   Defense                  Defense                  Time % Phy DF OF 
 1 Evan Bouchard            Jonathon Merrill         55     1   2  2  
 2 Chad Ruhwedel            Callan Foote             45     1   2  2  

Last Minutes Offensive
   Center                   Left Wing                Right Wing               Defense                  Defense                  
   Lias Andersson           Anthony Duclair          Logan O'Connor           David Jiricek            Jonathon Merrill         

Last Minutes Defensive
   Center                   Left Wing                Right Wing               Defense                  Defense                  
   Lias Andersson           Anthony Duclair          Logan O'Connor           David Jiricek            Jonathon Merrill         

Goaltenders
Starting : Matthew Murray           
Backup : Frederik Andersen        

Extra Forwards
Normal : Joseph Veleno, Kevin Stenlund, Cole Sillinger - PP : Joseph Veleno, Kevin Stenlund - PK : Cole Sillinger
Extra Defensemen
Normal : David Jiricek, Jacob Larsson, Chad Ruhwedel - PP : David Jiricek - PK : Jacob Larsson, Chad Ruhwedel
Penalty Shots
Joseph Veleno, Nicklas Backstrom, Shane Pinto, Logan O'Connor, Corey Perry
Custom OT Lines Forwards
Lias Andersson, Nicklas Backstrom, Shane Pinto, Logan O'Connor, Corey Perry, Quinton Byfield, Joseph Veleno, Kevin Stenlund, Cole Sillinger, Anthony Duclair
Custom OT Lines Defensemen
Evan Bouchard, Jonathon Merrill, Chad Ruhwedel, Callan Foote, David Jiricek

Scratches
Anthony Cirelli (Bruised Left Shoulder Injury), Derrick Pouliot (Left Eye Injury)

% Time on Ice - ANAHEIM OUTLAWS

Lines # - Real PCT - Wanted PCT - Time Play
Normal Forward
1 - 30% - 36% - 15:47
2 - 32% - 31% - 16:48
3 - 24% - 23% - 12:37
4 - 13% - 10% - 6:43
Normal Defense
1 - 33% - 36% - 17:02
2 - 32% - 31% - 16:36
3 - 29% - 23% - 15:02
4 - 6% - 10% - 3:15
PP Forward
1 - 42% - 55% - 1:39
2 - 58% - 45% - 2:19
PP Defense
1 - 45% - 55% - 1:46
2 - 55% - 45% - 2:12
PK Forward
1 - 66% - 55% - 2:38
2 - 34% - 45% - 1:20
PK Defense
1 - 37% - 55% - 1:28
2 - 63% - 45% - 2:30
PK3 Forward
1 - 0% - 55%
2 - 0% - 45%
PK3 Defense
1 - 0% - 55%
2 - 0% - 45%
44 Forward
1 - 0% - 55%
2 - 0% - 45%
44 Defense
1 - 0% - 55%
2 - 0% - 45%
Last Minute Offensive  - 0:00
Last Minute Defensive  - 0:09
Total
Forward - 60:00
Defense - 60:00

% Time on Ice - SPOKANE KNIGHTS

Lines # - Real PCT - Wanted PCT - Time Play
Normal Forward
1 - 28% - 30% - 14:33
2 - 31% - 30% - 15:48
3 - 21% - 20% - 10:46
4 - 20% - 20% - 10:22
Normal Defense
1 - 37% - 30% - 19:14
2 - 27% - 30% - 13:47
3 - 25% - 25% - 13:04
4 - 10% - 15% - 5:24
PP Forward
1 - 66% - 55% - 2:37
2 - 34% - 45% - 1:21
PP Defense
1 - 34% - 60% - 1:21
2 - 66% - 40% - 2:37
PK Forward
1 - 68% - 60% - 2:42
2 - 32% - 40% - 1:16
PK Defense
1 - 68% - 60% - 2:42
2 - 32% - 40% - 1:16
PK3 Forward
1 - 0% - 55%
2 - 0% - 45%
PK3 Defense
1 - 0% - 55%
2 - 0% - 45%
44 Forward
1 - 0% - 55%
2 - 0% - 45%
44 Defense
1 - 0% - 55%
2 - 0% - 45%
Last Minute Offensive  - 0:35
Last Minute Defensive  - 0:00
Total
Forward - 60:00
Defense - 60:00

Play-by-Play

1st period


0:01 of 1st period - Joseph Veleno wins face-off versus Michael Rasmussen in neutral zone.
1:12 of 1st period - Shot by Carter Verhaeghe.
1:12 of 1st period - Shot Misses the Net.
1:14 of 1st period - Shot by Michael Bunting.
1:14 of 1st period - Stopped by Matthew Murray with a rebound.
1:16 of 1st period - Shot by Henri Jokiharju.
1:16 of 1st period - Stopped by Matthew Murray with a rebound.
1:28 of 1st period - Logan O'Connor is hit by Michael Bunting and loses puck.
1:57 of 1st period - Shot by Jack Quinn.
1:57 of 1st period - Stopped by Matthew Murray without a rebound.
1:58 of 1st period - Shane Pinto wins face-off versus Kevin Fiala in SPOKANE KNIGHTS zone.
1:58 of 1st period - Shane Pinto is hit by Pierre Engvall.
2:03 of 1st period - Shane Pinto is hit by Kevin Fiala and loses puck.
2:22 of 1st period - Morgan Rielly is hit by Cole Sillinger and loses puck.
2:30 of 1st period - Icing by Victor Soderstrom.
2:31 of 1st period - Kevin Fiala wins face-off versus Quinton Byfield in ANAHEIM OUTLAWS zone.
3:48 of 1st period - Shot by Joseph Veleno.
3:48 of 1st period - Goal by Joseph Veleno - ANAHEIM OUTLAWS : 0 - SPOKANE KNIGHTS : 1.
3:49 of 1st period - Michael Rasmussen wins face-off versus Shane Pinto in neutral zone.
3:53 of 1st period - Michael Rasmussen is hit by Callan Foote and loses puck.
4:03 of 1st period - Michael Rasmussen is hit by Shane Pinto and loses puck.
4:14 of 1st period - Shot by Cole Sillinger.
4:14 of 1st period - Shot Misses the Net.
5:03 of 1st period - Shot by Logan O'Connor.
5:03 of 1st period - Shot Blocked by Rasmus Ristolainen.
5:45 of 1st period - Shot by Quinton Byfield.
5:45 of 1st period - Shot Blocked by Noah Hanifin.
5:47 of 1st period - Shot by Kevin Rooney.
5:47 of 1st period - Stopped by Jacob Markstrom without a rebound.
5:48 of 1st period - Joseph Veleno wins face-off versus Pius Suter in ANAHEIM OUTLAWS zone.
6:01 of 1st period - Shot by Joseph Veleno.
6:01 of 1st period - Shot Misses the Net.
6:03 of 1st period - Shot by Joseph Veleno.
6:03 of 1st period - Stopped by Jacob Markstrom with a rebound.
6:05 of 1st period - Shot by Rasmus Kupari.
6:05 of 1st period - Shot Misses the Net.
6:55 of 1st period - Icing by Noah Hanifin.
6:56 of 1st period - Nicklas Backstrom wins face-off versus Kevin Fiala in ANAHEIM OUTLAWS zone.
7:03 of 1st period - Shot by Nicklas Backstrom.
7:03 of 1st period - Stopped by Jacob Markstrom without a rebound.
7:04 of 1st period - Michael Rasmussen wins face-off versus Quinton Byfield in ANAHEIM OUTLAWS zone.
7:55 of 1st period - Logan O'Connor is hit by Rasmus Ristolainen and loses puck.
8:35 of 1st period - Logan O'Connor is hit by Morgan Rielly and loses puck.
9:16 of 1st period - Minor Penalty to Noah Hanifin for Slashing.
9:17 of 1st period - Nicklas Backstrom wins face-off versus Kent Johnson in ANAHEIM OUTLAWS zone.
9:38 of 1st period - Shot by Logan O'Connor.
9:38 of 1st period - Shot Misses the Net.
9:40 of 1st period - Shot by Logan O'Connor.
9:40 of 1st period - Stopped by Jacob Markstrom without a rebound.
9:41 of 1st period - Shane Pinto wins face-off versus Kent Johnson in ANAHEIM OUTLAWS zone.
10:59 of 1st period - Icing by Logan O'Connor.
11:00 of 1st period - Nicklas Backstrom wins face-off versus Kent Johnson in SPOKANE KNIGHTS zone.
11:17 of 1st period - Off-side.
11:18 of 1st period - Quinton Byfield wins face-off versus Kevin Fiala in neutral zone.
11:27 of 1st period - Shot by Quinton Byfield.
11:27 of 1st period - Stopped by Jacob Markstrom without a rebound.
11:28 of 1st period - Joseph Veleno wins face-off versus Adrian Kempe in ANAHEIM OUTLAWS zone.
11:41 of 1st period - Shot by Adrian Kempe.
11:41 of 1st period - Shot Misses the Net.
11:43 of 1st period - Shot by Noah Hanifin.
11:43 of 1st period - Shot Blocked by Jonathon Merrill.
11:45 of 1st period - Shot by Adrian Kempe.
11:45 of 1st period - Shot Misses the Net.
11:47 of 1st period - Shot by Henri Jokiharju.
11:47 of 1st period - Stopped by Matthew Murray without a rebound.
11:48 of 1st period - Michael Rasmussen wins face-off versus Quinton Byfield in SPOKANE KNIGHTS zone.
12:06 of 1st period - Shot by Kevin Rooney.
12:06 of 1st period - Shot Misses the Net.
12:08 of 1st period - Shot by Kevin Stenlund.
12:08 of 1st period - Shot Misses the Net.
12:10 of 1st period - Shot by Kevin Stenlund.
12:10 of 1st period - Goal by Kevin Stenlund - ANAHEIM OUTLAWS : 0 - SPOKANE KNIGHTS : 2.
12:11 of 1st period - Joseph Veleno wins face-off versus Pius Suter in neutral zone.
12:52 of 1st period - Pius Suter is hit by Jonathon Merrill and loses puck.
13:24 of 1st period - Noah Hanifin is hit by Joseph Veleno and loses puck.
13:32 of 1st period - Adrian Kempe is hit by Evan Bouchard and loses puck.
13:37 of 1st period - Shot by Adrian Kempe.
13:37 of 1st period - Shot Misses the Net.
13:41 of 1st period - Shot by Carter Verhaeghe.
13:41 of 1st period - Shot Misses the Net.
14:31 of 1st period - Shot by Nicklas Backstrom.
14:31 of 1st period - Deflect By Logan O'Connor.
14:31 of 1st period - Shot Misses the Net.
14:41 of 1st period - Shot by Logan O'Connor.
14:41 of 1st period - Stopped by Jacob Markstrom without a rebound.
14:42 of 1st period - Kent Johnson wins face-off versus Cole Sillinger in ANAHEIM OUTLAWS zone.
15:01 of 1st period - Shot by Pius Suter.
15:01 of 1st period - Stopped by Matthew Murray without a rebound.
15:02 of 1st period - Quinton Byfield wins face-off versus Adrian Kempe in SPOKANE KNIGHTS zone.
15:15 of 1st period - Shot by Carter Verhaeghe.
15:15 of 1st period - Shot Misses the Net.
15:17 of 1st period - Shot by Henri Jokiharju.
15:17 of 1st period - Goal by Henri Jokiharju - ANAHEIM OUTLAWS : 1 - SPOKANE KNIGHTS : 2.
15:18 of 1st period - Nicklas Backstrom wins face-off versus Pius Suter in neutral zone.
15:23 of 1st period - Icing by Kent Johnson.
15:24 of 1st period - Nicklas Backstrom wins face-off versus Pius Suter in ANAHEIM OUTLAWS zone.
15:31 of 1st period - Shot by Kent Johnson.
15:31 of 1st period - Stopped by Matthew Murray without a rebound.
15:32 of 1st period - Michael Rasmussen wins face-off versus Lias Andersson in SPOKANE KNIGHTS zone.
15:43 of 1st period - Shot by Jeff Skinner.
15:43 of 1st period - Shot Misses the Net.
15:45 of 1st period - Shot by Joey Anderson.
15:45 of 1st period - Stopped by Matthew Murray without a rebound.
15:46 of 1st period - Shane Pinto wins face-off versus Adrian Kempe in SPOKANE KNIGHTS zone.
16:09 of 1st period - Shot by Adrian Kempe.
16:09 of 1st period - Shot Misses the Net.
16:40 of 1st period - Icing by Chad Ruhwedel.
16:41 of 1st period - Michael Rasmussen wins face-off versus Shane Pinto in SPOKANE KNIGHTS zone.
17:37 of 1st period - Shot by Jack Quinn.
17:37 of 1st period - Stopped by Matthew Murray without a rebound.
17:38 of 1st period - Quinton Byfield wins face-off versus Kevin Fiala in SPOKANE KNIGHTS zone.
18:26 of 1st period - Icing by Henri Jokiharju.
18:27 of 1st period - Nicklas Backstrom wins face-off versus Kevin Fiala in ANAHEIM OUTLAWS zone.
18:51 of 1st period - Off-side.
18:52 of 1st period - Michael Rasmussen wins face-off versus Joseph Veleno in neutral zone.
19:29 of 1st period - Shot by Jeff Skinner.
19:29 of 1st period - Stopped by Matthew Murray without a rebound.
19:30 of 1st period - Nicklas Backstrom wins face-off versus Adrian Kempe in SPOKANE KNIGHTS zone.
19:30 of 1st period - Logan O'Connor is hit by Michael Bunting and loses puck.
19:38 of 1st period - Adrian Kempe is hit by David Jiricek and loses puck.
19:43 of 1st period - Shot by Michael Bunting.
19:43 of 1st period - Stopped by Matthew Murray without a rebound.
19:44 of 1st period - Pius Suter wins face-off versus Quinton Byfield in SPOKANE KNIGHTS zone.
19:49 of 1st period - Shot by Kent Johnson.
19:49 of 1st period - Stopped by Matthew Murray without a rebound.
19:50 of 1st period - Pius Suter wins face-off versus Nicklas Backstrom in SPOKANE KNIGHTS zone.
19:51 of 1st period - Shot by Morgan Rielly.
19:51 of 1st period - Shot Misses the Net.
19:53 of 1st period - Shot by Morgan Rielly.
19:53 of 1st period - Stopped by Matthew Murray without a rebound.
19:54 of 1st period - Nicklas Backstrom wins face-off versus Adrian Kempe in SPOKANE KNIGHTS zone.
19:54 of 1st period - Nicklas Backstrom is hit by Adrian Kempe.
Goals for this period are 1 for ANAHEIM OUTLAWS vs 2 for SPOKANE KNIGHTS.
Shots for this period are 13 for ANAHEIM OUTLAWS vs 8 for SPOKANE KNIGHTS.

2nd period


0:01 of 2nd period - Pius Suter wins face-off versus Nicklas Backstrom in neutral zone.
0:19 of 2nd period - Shot by Kent Johnson.
0:19 of 2nd period - Stopped by Matthew Murray with a rebound.
0:21 of 2nd period - Shot by Pius Suter.
0:21 of 2nd period - Stopped by Matthew Murray without a rebound.
0:22 of 2nd period - Quinton Byfield wins face-off versus Michael Rasmussen in SPOKANE KNIGHTS zone.
0:35 of 2nd period - Shot by Jeff Skinner.
0:35 of 2nd period - Stopped by Matthew Murray without a rebound.
0:36 of 2nd period - Nicklas Backstrom wins face-off versus Adrian Kempe in SPOKANE KNIGHTS zone.
1:19 of 2nd period - Logan O'Connor is hit by Morgan Rielly and loses puck.
1:45 of 2nd period - Shot by Noah Hanifin.
1:45 of 2nd period - Stopped by Matthew Murray without a rebound.
1:46 of 2nd period - Shane Pinto wins face-off versus Pius Suter in SPOKANE KNIGHTS zone.
2:01 of 2nd period - Shot by Evan Bouchard.
2:01 of 2nd period - Shot Blocked by Rasmus Ristolainen.
2:03 of 2nd period - Shot by Evan Bouchard.
2:03 of 2nd period - Stopped by Jacob Markstrom without a rebound.
2:04 of 2nd period - Quinton Byfield wins face-off versus Joey Anderson in ANAHEIM OUTLAWS zone.
2:11 of 2nd period - Shot by Jeff Skinner.
2:11 of 2nd period - Shot Blocked by Quinton Byfield.
3:56 of 2nd period - Shot by Carter Verhaeghe.
3:56 of 2nd period - Stopped by Matthew Murray without a rebound.
3:57 of 2nd period - Nicklas Backstrom wins face-off versus Michael Bunting in SPOKANE KNIGHTS zone.
4:06 of 2nd period - Shot by Nicklas Backstrom.
4:06 of 2nd period - Shot Misses the Net.
4:08 of 2nd period - Shot by Nicklas Backstrom.
4:08 of 2nd period - Stopped by Jacob Markstrom without a rebound.
4:09 of 2nd period - Shane Pinto wins face-off versus Kevin Fiala in ANAHEIM OUTLAWS zone.
4:10 of 2nd period - Shot by Evan Bouchard.
4:10 of 2nd period - Shot Misses the Net.
4:38 of 2nd period - Off-side.
4:39 of 2nd period - Michael Rasmussen wins face-off versus Rasmus Kupari in neutral zone.
4:42 of 2nd period - Shot by Jeff Skinner.
4:42 of 2nd period - Deflect By Michael Rasmussen.
4:42 of 2nd period - Shot Misses the Net.
4:44 of 2nd period - Shot by Jeff Skinner.
4:44 of 2nd period - Shot Misses the Net.
4:46 of 2nd period - Shot by Michael Rasmussen.
4:46 of 2nd period - Shot Misses the Net.
4:48 of 2nd period - Shot by Joey Anderson.
4:48 of 2nd period - Deflect By Jeff Skinner.
4:48 of 2nd period - Shot Blocked by Chad Ruhwedel.
4:50 of 2nd period - Shot by Rasmus Ristolainen.
4:50 of 2nd period - Shot Misses the Net.
4:52 of 2nd period - Shot by Rasmus Ristolainen.
4:52 of 2nd period - Stopped by Matthew Murray without a rebound.
4:53 of 2nd period - Adrian Kempe wins face-off versus Nicklas Backstrom in SPOKANE KNIGHTS zone.
6:39 of 2nd period - Michael Rasmussen is hit by Cole Sillinger and loses puck.
7:02 of 2nd period - Icing by Shane Pinto.
7:03 of 2nd period - Pius Suter wins face-off versus Shane Pinto in SPOKANE KNIGHTS zone.
7:07 of 2nd period - Pius Suter is hit by Jacob Larsson and loses puck.
7:10 of 2nd period - Shot by Pius Suter.
7:10 of 2nd period - Deflect By Kent Johnson.
7:10 of 2nd period - Shot Blocked by Cole Sillinger.
7:12 of 2nd period - Shot by Rasmus Ristolainen.
7:12 of 2nd period - Stopped by Matthew Murray with a rebound.
7:14 of 2nd period - Shot by Oliver Ekman-Larsson.
7:14 of 2nd period - Stopped by Matthew Murray with a rebound.
7:30 of 2nd period - Shot by Pius Suter.
7:30 of 2nd period - Shot Misses the Net.
7:47 of 2nd period - Off-side.
7:48 of 2nd period - Kevin Fiala wins face-off versus Joseph Veleno in neutral zone.
8:04 of 2nd period - Shot by Rasmus Kupari.
8:04 of 2nd period - Stopped by Jacob Markstrom without a rebound.
8:05 of 2nd period - Lias Andersson wins face-off versus Adrian Kempe in ANAHEIM OUTLAWS zone.
8:15 of 2nd period - Off-side.
8:16 of 2nd period - Michael Rasmussen wins face-off versus Joseph Veleno in neutral zone.
8:16 of 2nd period - Jeff Skinner is hit by Joseph Veleno and loses puck.
8:21 of 2nd period - Morgan Rielly is hit by Joseph Veleno and loses puck.
8:31 of 2nd period - Joseph Veleno is hit by Joey Anderson.
8:32 of 2nd period - Minor Penalty to Michael Rasmussen for Slashing.
8:33 of 2nd period - Nicklas Backstrom wins face-off versus Kent Johnson in ANAHEIM OUTLAWS zone.
8:56 of 2nd period - Shot by Logan O'Connor.
8:56 of 2nd period - Stopped by Jacob Markstrom without a rebound.
8:57 of 2nd period - Shane Pinto wins face-off versus Kent Johnson in ANAHEIM OUTLAWS zone.
9:04 of 2nd period - Shot by Corey Perry.
9:04 of 2nd period - Shot Misses the Net.
9:26 of 2nd period - Shot by Corey Perry.
9:26 of 2nd period - Shot Misses the Net.
9:28 of 2nd period - Shot by Shane Pinto.
9:28 of 2nd period - Stopped by Jacob Markstrom without a rebound.
9:29 of 2nd period - Nicklas Backstrom wins face-off versus Jeff Skinner in ANAHEIM OUTLAWS zone.
9:45 of 2nd period - Icing by Chad Ruhwedel.
9:46 of 2nd period - Nicklas Backstrom wins face-off versus Kent Johnson in SPOKANE KNIGHTS zone.
10:14 of 2nd period - Shot by Michael Bunting.
10:14 of 2nd period - Shot Misses the Net.
10:16 of 2nd period - Shot by Morgan Rielly.
10:16 of 2nd period - Goal by Morgan Rielly - ANAHEIM OUTLAWS : 2 - SPOKANE KNIGHTS : 2.
10:17 of 2nd period - Jeff Skinner wins face-off versus Shane Pinto in neutral zone.
10:53 of 2nd period - Minor Penalty to Jonathon Merrill for Hooking.
10:54 of 2nd period - Michael Rasmussen wins face-off versus Anthony Duclair in SPOKANE KNIGHTS zone.
11:04 of 2nd period - Icing by Noah Hanifin.
11:05 of 2nd period - Joey Anderson wins face-off versus Anthony Duclair in ANAHEIM OUTLAWS zone.
11:05 of 2nd period - Joey Anderson is hit by Nicklas Backstrom.
11:21 of 2nd period - Shot by Noah Hanifin.
11:21 of 2nd period - Stopped by Matthew Murray without a rebound.
11:22 of 2nd period - Anthony Duclair wins face-off versus Kevin Fiala in SPOKANE KNIGHTS zone.
11:37 of 2nd period - Shot by Morgan Rielly.
11:37 of 2nd period - Stopped by Matthew Murray without a rebound.
11:38 of 2nd period - Michael Rasmussen wins face-off versus Anthony Duclair in SPOKANE KNIGHTS zone.
11:43 of 2nd period - Shot by Michael Rasmussen.
11:43 of 2nd period - Stopped by Matthew Murray with a rebound.
12:05 of 2nd period - Shot by Michael Bunting.
12:05 of 2nd period - Shot Blocked by Evan Bouchard.
13:15 of 2nd period - Shot by Pierre Engvall.
13:15 of 2nd period - Stopped by Matthew Murray without a rebound.
13:16 of 2nd period - Pius Suter wins face-off versus Quinton Byfield in SPOKANE KNIGHTS zone.
13:33 of 2nd period - Shot by Kent Johnson.
13:33 of 2nd period - Stopped by Matthew Murray without a rebound.
13:34 of 2nd period - Joseph Veleno wins face-off versus Adrian Kempe in SPOKANE KNIGHTS zone.
13:38 of 2nd period - Rasmus Kupari is hit by Adrian Kempe and loses puck.
14:11 of 2nd period - Shot by Carter Verhaeghe.
14:11 of 2nd period - Shot Blocked by Chad Ruhwedel.
14:32 of 2nd period - Icing by Nicklas Backstrom.
14:33 of 2nd period - Nicklas Backstrom wins face-off versus Jeff Skinner in SPOKANE KNIGHTS zone.
14:57 of 2nd period - Off-side.
14:58 of 2nd period - Pius Suter wins face-off versus Quinton Byfield in neutral zone.
15:11 of 2nd period - Shot by Quinton Byfield.
15:11 of 2nd period - Shot Misses the Net.
15:17 of 2nd period - Shot by Jack Quinn.
15:17 of 2nd period - Deflect By Kent Johnson.
15:17 of 2nd period - Shot Misses the Net.
15:58 of 2nd period - Shot by Cole Sillinger.
15:58 of 2nd period - Stopped by Jacob Markstrom without a rebound.
15:59 of 2nd period - Nicklas Backstrom wins face-off versus Adrian Kempe in ANAHEIM OUTLAWS zone.
18:21 of 2nd period - Shot by Jeff Skinner.
18:21 of 2nd period - Shot Blocked by Shane Pinto.
18:40 of 2nd period - Icing by Henri Jokiharju.
18:41 of 2nd period - Pius Suter wins face-off versus Lias Andersson in ANAHEIM OUTLAWS zone.
18:55 of 2nd period - Jack Quinn is hit by Evan Bouchard and loses puck.
19:14 of 2nd period - Shot by Jack Quinn.
19:14 of 2nd period - Shot Misses the Net.
19:20 of 2nd period - Shot by Jack Quinn.
19:20 of 2nd period - Shot Misses the Net.
19:34 of 2nd period - Shot by Kevin Fiala.
19:34 of 2nd period - Shot Misses the Net.
19:36 of 2nd period - Shot by David Gustafsson.
19:36 of 2nd period - Stopped by Matthew Murray without a rebound.
19:37 of 2nd period - Joseph Veleno wins face-off versus Jeff Skinner in SPOKANE KNIGHTS zone.
19:49 of 2nd period - Jeff Skinner is hit by Chad Ruhwedel and loses puck.
19:55 of 2nd period - Michael Rasmussen is hit by Callan Foote and loses puck.
Goals for this period are 1 for ANAHEIM OUTLAWS vs 0 for SPOKANE KNIGHTS.
Shots for this period are 15 for ANAHEIM OUTLAWS vs 6 for SPOKANE KNIGHTS.

3rd period


0:01 of 3rd period - Michael Rasmussen wins face-off versus Nicklas Backstrom in neutral zone.
0:19 of 3rd period - Minor Penalty to Logan O'Connor for Roughing.
0:20 of 3rd period - Jeff Skinner wins face-off versus Anthony Duclair in SPOKANE KNIGHTS zone.
1:39 of 3rd period - Shot by Michael Rasmussen.
1:39 of 3rd period - Shot Misses the Net.
2:28 of 3rd period - Joseph Veleno is hit by Kevin Fiala.
3:11 of 3rd period - Off-side.
3:12 of 3rd period - Pius Suter wins face-off versus Quinton Byfield in neutral zone.
3:15 of 3rd period - Shot by Noah Hanifin.
3:15 of 3rd period - Shot Misses the Net.
3:17 of 3rd period - Shot by Henri Jokiharju.
3:17 of 3rd period - Shot Blocked by Chad Ruhwedel.
3:19 of 3rd period - Shot by Noah Hanifin.
3:19 of 3rd period - Stopped by Matthew Murray without a rebound.
3:20 of 3rd period - Adrian Kempe wins face-off versus Logan O'Connor in SPOKANE KNIGHTS zone.
3:20 of 3rd period - Adrian Kempe is hit by Jonathon Merrill.
3:22 of 3rd period - Shot by Carter Verhaeghe.
3:22 of 3rd period - Stopped by Matthew Murray without a rebound.
3:23 of 3rd period - Nicklas Backstrom wins face-off versus Pius Suter in SPOKANE KNIGHTS zone.
3:32 of 3rd period - Shot by Nicklas Backstrom.
3:32 of 3rd period - Deflect By Lias Andersson.
3:32 of 3rd period - Goal by Lias Andersson - ANAHEIM OUTLAWS : 2 - SPOKANE KNIGHTS : 3.
3:33 of 3rd period - Quinton Byfield wins face-off versus Carter Verhaeghe in neutral zone.
4:04 of 3rd period - Shot by Quinton Byfield.
4:04 of 3rd period - Stopped by Jacob Markstrom without a rebound.
4:05 of 3rd period - Nicklas Backstrom wins face-off versus Michael Rasmussen in ANAHEIM OUTLAWS zone.
5:18 of 3rd period - Shot by Adrian Kempe.
5:18 of 3rd period - Goal by Adrian Kempe - ANAHEIM OUTLAWS : 3 - SPOKANE KNIGHTS : 3.
5:19 of 3rd period - Quinton Byfield wins face-off versus Pius Suter in neutral zone.
5:38 of 3rd period - Shot by Jack Quinn.
5:38 of 3rd period - Shot Misses the Net.
6:08 of 3rd period - Shot by Cole Sillinger.
6:08 of 3rd period - Shot Misses the Net.
6:35 of 3rd period - Shot by Carter Verhaeghe.
6:35 of 3rd period - Shot Misses the Net.
6:39 of 3rd period - Shot by Adrian Kempe.
6:39 of 3rd period - Shot Misses the Net.
7:23 of 3rd period - Evan Bouchard is hit by Joey Anderson and loses puck.
7:30 of 3rd period - Shot by Logan O'Connor.
7:30 of 3rd period - Shot Blocked by Morgan Rielly.
7:32 of 3rd period - Shot by Evan Bouchard.
7:32 of 3rd period - Shot Misses the Net.
7:34 of 3rd period - Shot by Jonathon Merrill.
7:34 of 3rd period - Shot Misses the Net.
8:55 of 3rd period - Shot by Rasmus Kupari.
8:55 of 3rd period - Shot Misses the Net.
10:27 of 3rd period - Shot by Carter Verhaeghe.
10:27 of 3rd period - Shot Misses the Net.
11:00 of 3rd period - Shot by Jeff Skinner.
11:00 of 3rd period - Shot Misses the Net.
11:35 of 3rd period - Shot by Kevin Fiala.
11:35 of 3rd period - Shot Blocked by Jonathon Merrill.
11:37 of 3rd period - Shot by Noah Hanifin.
11:37 of 3rd period - Stopped by Matthew Murray without a rebound.
11:38 of 3rd period - Pius Suter wins face-off versus Joseph Veleno in SPOKANE KNIGHTS zone.
11:38 of 3rd period - Pius Suter is hit by David Jiricek.
11:43 of 3rd period - Kent Johnson is hit by David Jiricek and loses puck.
11:57 of 3rd period - Shot by Joseph Veleno.
11:57 of 3rd period - Shot Hit the Post.
11:59 of 3rd period - Shot by Rasmus Kupari.
11:59 of 3rd period - Shot Blocked by Henri Jokiharju.
12:01 of 3rd period - Shot by Callan Foote.
12:01 of 3rd period - Shot Misses the Net.
12:03 of 3rd period - Shot by Corey Perry.
12:03 of 3rd period - Shot Misses the Net.
13:17 of 3rd period - Shot by Jeff Skinner.
13:17 of 3rd period - Shot Misses the Net.
13:32 of 3rd period - Icing by Rasmus Ristolainen.
13:33 of 3rd period - Joseph Veleno wins face-off versus Michael Rasmussen in ANAHEIM OUTLAWS zone.
13:38 of 3rd period - Shot by Corey Perry.
13:38 of 3rd period - Stopped by Jacob Markstrom without a rebound.
13:39 of 3rd period - Joseph Veleno wins face-off versus Pius Suter in ANAHEIM OUTLAWS zone.
13:49 of 3rd period - Rasmus Kupari is hit by Henri Jokiharju and loses puck.
13:56 of 3rd period - Shot by Pius Suter.
13:56 of 3rd period - Stopped by Matthew Murray without a rebound.
13:57 of 3rd period - Michael Rasmussen wins face-off versus Shane Pinto in SPOKANE KNIGHTS zone.
14:06 of 3rd period - Shot by Jeff Skinner.
14:06 of 3rd period - Goal by Jeff Skinner - ANAHEIM OUTLAWS : 4 - SPOKANE KNIGHTS : 3.
14:07 of 3rd period - Nicklas Backstrom wins face-off versus Adrian Kempe in neutral zone.
14:10 of 3rd period - Shot by Logan O'Connor.
14:10 of 3rd period - Shot Misses the Net.
14:14 of 3rd period - Shot by Logan O'Connor.
14:14 of 3rd period - Shot Misses the Net.
14:24 of 3rd period - Shot by Nicklas Backstrom.
14:24 of 3rd period - Shot Misses the Net.
14:42 of 3rd period - Shot by Carter Verhaeghe.
14:42 of 3rd period - Stopped by Matthew Murray without a rebound.
14:43 of 3rd period - Joseph Veleno wins face-off versus Michael Rasmussen in SPOKANE KNIGHTS zone.
15:11 of 3rd period - Shot by Michael Rasmussen.
15:11 of 3rd period - Stopped by Matthew Murray without a rebound.
15:12 of 3rd period - Kent Johnson wins face-off versus Quinton Byfield in SPOKANE KNIGHTS zone.
15:12 of 3rd period - Kent Johnson is hit by David Jiricek.
15:34 of 3rd period - Shot by Kent Johnson.
15:34 of 3rd period - Deflect By Jack Quinn.
15:34 of 3rd period - Stopped by Matthew Murray without a rebound.
15:35 of 3rd period - Adrian Kempe wins face-off versus Nicklas Backstrom in SPOKANE KNIGHTS zone.
16:42 of 3rd period - Icing by Evan Bouchard.
16:43 of 3rd period - Nicklas Backstrom wins face-off versus Pius Suter in SPOKANE KNIGHTS zone.
16:43 of 3rd period - Nicklas Backstrom is hit by Pius Suter.
17:04 of 3rd period - Rasmus Kupari is hit by Rasmus Ristolainen and loses puck.
17:07 of 3rd period - Shot by Corey Perry.
17:07 of 3rd period - Stopped by Jacob Markstrom with a rebound.
17:28 of 3rd period - Shot by Rasmus Kupari.
17:28 of 3rd period - Shot Misses the Net.
18:20 of 3rd period - Shot by Jeff Skinner.
18:20 of 3rd period - Shot Misses the Net.
18:22 of 3rd period - Shot by Noah Hanifin.
18:22 of 3rd period - Stopped by Matthew Murray with a rebound.
18:39 of 3rd period - Off-side.
18:40 of 3rd period - Kevin Fiala wins face-off versus Anthony Duclair in neutral zone.
18:42 of 3rd period - Off-side.
18:43 of 3rd period - Adrian Kempe wins face-off versus Shane Pinto in neutral zone.
19:27 of 3rd period - Icing by Henri Jokiharju.
19:28 of 3rd period - Lias Andersson wins face-off versus Adrian Kempe in ANAHEIM OUTLAWS zone.
19:29 of 3rd period - SPOKANE KNIGHTS, Matthew Murray is pulled from the net.
19:29 of 3rd period - Shot by Logan O'Connor.
19:29 of 3rd period - Shot Misses the Net.
Goals for this period are 2 for ANAHEIM OUTLAWS vs 1 for SPOKANE KNIGHTS.
Shots for this period are 10 for ANAHEIM OUTLAWS vs 4 for SPOKANE KNIGHTS.


OWEN
TIPPETT
GUSTAV
FORSLING
MATTHEW
BOLDY

EAST COAST

HOCKEY LEAGUE

  • 67.PIT4RHI2
  • 68.ATL5WOR3
  • 69.QUECHW
  • 70.CHATRV